 Dungeon Crawl Stone Soup version 0.22.1-1-ga44c0e5 (webtiles) character file.

324 Anon1729 the Skirmisher (level 6, -1/52 HPs)
             Began as a Ghoul Gladiator on Oct 28, 2018.
             Slain by an ogre
             ... wielding a +0 giant spiked club
              (19 damage)
             ... on level 4 of the Dungeon.
             The game lasted 00:04:57 (3213 turns).

Anon1729 the Skirmisher (Ghoul Gladiator)           Turns: 3213, Time: 00:04:58

Health: -1/52      AC: 11    Str: 18    XL:     6   Next: 48%
Magic:  5/5        EV:  8    Int:  5    God:
Gold:   118        SH:  0    Dex: 10    Spells: 5/5 levels left

rFire    . . .     SeeInvis .   a - +0 quarterstaff
rCold    + . .     Gourm    .   (shield currently unavailable)
rNeg     + + +     Faith    .   m - +0 chain mail
rPois    ∞         Spirit   .   c - +0 helmet
rElec    .         Reflect  .   (no cloak)
rCorr    .         Harm     .   (no gloves)
MR       .....                  l - +0 pair of boots
Stlth    ..........             (no amulet)
HPRegen  0.00/turn              i - ring of stealth
MPRegen  0.09/turn              (no ring)

@: rotting
A: rotting body, claws 1, carnivore, cold resistance 1, negative energy
resistance 3, inhibited regeneration, torment resistance, unbreathing
a: no special abilities


You were on level 4 of the Dungeon.
You were not hungry.

You visited 1 branch of the dungeon, and saw 4 of its levels.

You collected 118 gold pieces.

Inventory:

Hand Weapons
 a - a +0 quarterstaff (weapon)
Missiles
 d - 3 throwing nets (quivered)
Armour
 b - a +0 leather armour
 c - a +0 helmet (worn)
 l - a +0 pair of boots (worn)
 m - a +0 chain mail (worn)
 w - a +0 scale mail
Jewellery
 i - a ring of stealth (left claw)
Wands
 v - a wand of scattershot (3)
Scrolls
 e - 5 scrolls of teleportation {unknown}
 k - 5 scrolls of identify {unknown}
 p - 2 scrolls of amnesia {unknown}
 s - a scroll of noise {unknown}
 u - 4 scrolls of remove curse {unknown}
Potions
 h - 5 potions of curing {unknown}
 j - 2 potions of ambrosia {unknown}
 n - 2 potions of degeneration {unknown}
 o - a potion of invisibility {unknown}
 q - 3 potions of heal wounds {unknown}
 r - a potion of agility {unknown}
 t - a potion of haste {unknown}
 x - a potion of might {unknown}
Comestibles
 f - 4 rations


   Skills:
 + Level 4.0 Fighting
 + Level 3.9 Staves
 - Level 1.7 Throwing
 + Level 2.5 Armour
 + Level 4.0 Dodging


You had 5 spell levels left.
You didn't know any spells.
Your spell library was empty.

Dungeon Overview and Level Annotations

Branches:
Dungeon (4/15)
 Temple: D:4-7

Altars:
Hepliaklqana
Vehumet
The Shining One


Innate Abilities, Weirdness & Mutations

Your body is rotting away.
You thrive on raw meat.
You are immune to poison.
You have sharp fingernails.
You are carnivorous and can eat meat at any time.
Your flesh is cold resistant. (rC+)
You are immune to negative energy. (rN+++)
You do not regenerate when monsters are visible.
You are immune to unholy pain and torment.
You can survive without breathing.


Message History

The worker ant bites you.
You sock the worker ant!
You kill the worker ant!
Your Dodging skill increases to level 4!
You barely miss the ogre.
The ogre hits you with a giant spiked club!
You hit the ogre but do no damage. The ogre hits you but does no damage.
You hit the ogre but do no damage. The ogre barely misses you.
You sock the ogre!
The ogre is moderately wounded.
You hit the ogre but do no damage.
The ogre is moderately wounded.
The ogre barely misses you.
Your chain mail prevents you from hitting the ogre.
The ogre is moderately wounded.
The ogre hits you with a giant spiked club!
You barely miss the ogre.
The ogre is moderately wounded.
The ogre hits you with a giant spiked club!!
You die...

# # # ### ### # #.. ..#
#+## # #.# #.# #...# # #.#
#.# #..... ## #.# #.#
#...... .########.#
#.###.>.....
..........#####.@O'.......
.######.........###.......
## #.###.#..## #...... #
#.# #)#..# #..... # #.#
#.#..# #...# # #.# #.#..#
#+## # #.# #.#..# #..
.....# ### #.####


You could see an ogre.

Vanquished Creatures
  A scorpion (D:4)
  An orc priest (D:3)
  Ijyb (D:3)
  An iguana (D:4)
  A worker ant (D:4)
  4 gnolls
  2 adders
  An ooze (D:2)
  3 worms
  3 dart slugs
  8 orcs (D:3)
  5 bats
  A giant cockroach (D:2)
  10 goblins
  12 hobgoblins
  10 jackals
  5 kobolds
  A ball python (D:1)
  A leopard gecko skeleton (D:4)
  2 quokka skeletons
  10 rats
83 creatures vanquished.

Notes
Turn   | Place    | Note
-------+----------+-------------------------------------------
     0 | D:1      | Anon1729 the Ghoul Gladiator began the quest for the Orb.
     0 | D:1      | Reached XP level 1. HP: 17/17 MP: 0/0
    92 | D:1      | Reached XP level 2. HP: 11/25 MP: 1/1
   395 | D:1      | Reached XP level 3. HP: 27/30 MP: 2/2
   519 | D:1      | Reached skill level 1 in Armour
  1287 | D:2      | Reached XP level 4. HP: 35/37 MP: 3/3
  1861 | D:2      | Reached XP level 5. HP: 45/45 MP: 4/4
  2280 | D:3      | Found a glowing golden altar of the Shining One.
  2282 | D:3      | Found a radiant altar of Vehumet.
  2415 | D:3      | Noticed Ijyb
  2453 | D:3      | Killed Ijyb
  2894 | D:4      | Reached XP level 6. HP: 19/52 MP: 5/5
  3113 | D:4      | Found a hazy altar of Hepliaklqana.
  3213 | D:4      | Slain by an ogre

Skill      XL: |  1  2  3  4  5  6 |
---------------+-------------------+-----
Staves         | 3 |  3.9
Dodging        | 3 4 |  4.0
Armour         | 1 2 |  2.5
Fighting       | 3 4 |  4.0
Throwing       | |  1.7

Action                   |  1- 3 |  4- 6 || total
-------------------------+-------+-------++-------
Melee: Quarterstaff      |   136 |   214 ||   350
Evoke: Wand              |       |     1 ||     1
 Stab: Sleeping          |     5 |       ||     5
  Eat: Chunk             |    10 |    10 ||    20
Armor: Leather armour    |    12 |       ||    12
       Chain mail        |    46 |   121 ||   167
Dodge: Dodged            |    69 |    98 ||   167
